 Dungeon Crawl Stone Soup version 0.26.0-16-gc1dbca0489 (webtiles) character file.

Game seed: 10314868602126801657

199 Forgeling the Poker (level 5, -9/52 HPs)
             Began as a Merfolk Earth Elementalist on Jan 20, 2021.
             Was an Initiate of Okawaru.
             Killed by divine providence
             ... invoked by an orc priest
              (15 damage)
             ... on level 5 of the Dungeon.
             The game lasted 00:05:11 (4800 turns).

Forgeling the Poker (Merfolk Earth Elementalist)    Turns: 4800, Time: 00:05:12

Health: -9/52      AC: 22    Str:  9    XL:     5   Next: 77%
Magic:  6/8        EV:  2    Int: 14    God:    Okawaru [......]
Gold:   172        SH:  3    Dex: 15    Spells: 7/8 levels left

rFire    . . .     SeeInvis .   s - +0 dagger (drain)
rCold    . . .     Faith    .   i - +0 buckler (curse)
rNeg     + + +     Spirit   .   (armour currently unavailable)
rPois    +         Reflect  .   (helmet currently unavailable)
rElec    .         Harm     .   (cloak currently unavailable)
rCorr    .         Rampage  .   (gloves currently unavailable)
Will     .....     NoTele   +   (boots currently unavailable)
Stlth    +++.......             (no amulet)
HPRegen  0.17/turn              g - ring of stealth
MPRegen  0.11/turn              (no ring)

@: tree-form (expiring)
A: (change form in water), (swift swim), (stealthy swim)
a: Renounce Religion


You were on level 5 of the Dungeon.
You worshipped Okawaru.
Okawaru was noncommittal.
You were a tree.
You visited 1 branch of the dungeon, and saw 5 of its levels.

You collected 172 gold pieces.

Inventory:

Hand Weapons
 s - a +0 dagger of draining (weapon)
Missiles
 b - 95 stones
 q - 11 poisoned darts
Armour
 c - a +0 robe (melded)
 i - a cursed +0 buckler (worn)
 m - a scarf of shadows (melded)
 p - a +0 pair of boots (melded)
 r - a +0 helmet (melded)
Jewellery
 g - a ring of stealth (left branch)
Scrolls
 a - 2 scrolls of remove curse {unknown}
 d - 2 scrolls of enchant weapon {unknown}
 e - a scroll of enchant armour {unknown}
 j - a scroll of noise {unknown}
 k - 2 scrolls of magic mapping {unknown}
 o - a scroll of teleportation {unknown}
 E - a scroll of fear
Potions
 f - 3 potions of degeneration
 h - a potion of magic {unknown}
 l - a potion of attraction {unknown}
 P - 3 potions of lignification


   Skills:
 + Level 7.2 Polearms
 - Level 2.6 Dodging
 - Level 2.1 Stealth
 - Level 2.0 Spellcasting
 - Level 1.3 Transmutations
 - Level 2.4 Earth Magic
 * Level 1.8 Invocations


You had 7 spell levels left.
You knew the following spells:

 Your Spells              Type           Power        Failure   Level
a - Sandblast             Erth           16%          16%         1

Your spell library contained the following spells:

 Spells                   Type           Power        Failure   Level
 Passwall                 Tmut/Erth      5%           28%         2
 Stone Arrow              Conj/Erth      8%           58%         3
 Petrify                  Tmut/Erth      6%           88%         4
 Lee's Rapid Deconstruct  Erth           4%           99%         5


Dungeon Overview and Level Annotations

Branches:
Dungeon (5/15)
 Temple: D:4-7

Altars:
Ashenzari
Cheibriados
Elyvilon
Fedhas
Gozag
Okawaru
Ru
Sif Muna
Uskayaw
Vehumet
Zin


Message History

Your transformation is almost over.
You hit the orc priest.
The orc priest is severely wounded.
You barely miss the orc priest.
The orc priest is severely wounded.
The orc priest calls down the wrath of Beogh upon you.
Beogh smites you!
* * * LOW HITPOINT WARNING * * *
You hit the orc priest but do no damage.
You drain the orc priest.
The orc priest is almost dead.
You closely miss the orc priest.
The orc priest is almost dead.
The orc wizard gestures wildly while chanting.
The orc wizard seems to speed up.
You barely miss the orc priest.
The orc priest is almost dead.
The orc priest invokes the aid of Beogh against you.
Beogh smites you!
You die...

.. # ..## #.
...### #.####
..... #ooo.# #...#
#♣# #...# #.#
##..# #.# ...>#
#.# ###.# #.#
###.# #.#
....############.#
.................#
##################


You could see an orc priest (drained), an orc wizard (fast, drained) and an orc.

Vanquished Creatures
  An orc priest (D:5)
  A bullfrog skeleton (D:5)
  Robin (D:2)
  4 adders
  An ooze (D:2)
  4 worms
  3 dart slugs
  A leopard gecko (D:1)
  An orc (D:5)
  6 bats
  5 giant cockroaches
  12 goblins
  13 hobgoblins
  2 quokkas
  3 frilled lizards
  9 kobolds
  6 rats
73 creatures vanquished.

Notes
Turn   | Place    | Note
-------+----------+-------------------------------------------
     0 | D:1      | Forgeling the Merfolk Earth Elementalist began the quest
                  | for the Orb.
     0 | D:1      | Reached XP level 1. HP: 13/13 MP: 3/3
   102 | D:1      | Reached skill level 1 in Polearms
   241 | D:1      | Reached skill level 2 in Polearms
   271 | D:1      | Reached XP level 2. HP: 12/19 MP: 3/5
   841 | D:1      | Reached skill level 3 in Polearms
  1761 | D:1      | Reached XP level 3. HP: 13/24 MP: 4/6
  1908 | D:2      | Reached skill level 4 in Polearms
  2330 | D:2      | Noticed Robin
  2353 | D:2      | Reached skill level 5 in Polearms
  2355 | D:2      | Reached XP level 4. HP: 25/30 MP: 3/7
  2402 | D:2      | Killed Robin
  3028 | D:2      | Found a shimmering blue altar of Sif Muna.
  3039 | D:2      | Reached skill level 6 in Polearms
  3778 | D:3      | Reached XP level 5. HP: 22/35 MP: 8/8
  3898 | D:3      | Found a hide-covered altar of Uskayaw.
  4249 | D:3      | Found a snail-covered altar of Cheibriados.
  4253 | D:3      | Found a glowing silver altar of Zin.
  4255 | D:3      | Found an iron altar of Okawaru.
  4256 | D:3      | Found an opulent altar of Gozag.
  4260 | D:3      | Became a worshipper of Warmaster Okawaru
  4262 | D:3      | Found a blossoming altar of Fedhas.
  4287 | D:3      | Found a radiant altar of Vehumet.
  4311 | D:3      | Found a broken altar of Ashenzari.
  4311 | D:3      | You fall into a shaft and drop 2 floors!
  4311 | D:5      | Entered Level 5 of the Dungeon
  4392 | D:5      | Found a white marble altar of Elyvilon.
  4407 | D:5      | Found a sacrificial altar of Ru.
  4441 | D:4      | Noticed an ogre
  4490 | D:5      | Reached skill level 7 in Polearms
  4490 | D:5      | Reached skill level 1 in Invocations
  4800 | D:5      | Killed from afar by an orc priest

Illustrated notes

Levels and vault maps discovered:
D:1:      kennysheep_arrival_seaside, layout_basic, minivault_27
D:2:      layout_basic, lemuel_round_altar, uniq_robin
D:3:      layout_basic, eat_drink_and_be_merry_uskayaw,
          chequers_temple_overflow_minitemple, overflow_temple_1_default,
          general_overflow_altar, nemelex_xobeh_ov_fountains_minmay,
          uniq_sigmund
D:4:      layout_basic
D:5:      layout_basic, old_standard_altar, old_standard_altar,
          minmay_temple_entry_sparse_star

Skill      XL: |  1  2  3  4  5 |
---------------+----------------+-----
Polearms       | 2 3 5 6 7 |  7.2
Invocations    | 1 |  1.8
Dodging        | |  2.6
Stealth        | |  2.1
Spellcasting   | |  2.0
Transmutations | |  1.3
Earth Magic    | |  2.4

Action                   |  1- 3 |  4- 6 || total
-------------------------+-------+-------++-------
Melee: Unarmed           |    47 |       ||    47
       Dagger            |    30 |   117 ||   147
       Short sword       |    65 |    30 ||    95
 Cast: Sandblast         |    21 |    25 ||    46
  Use: Scroll            |       |     3 ||     3
       Potion            |       |     1 ||     1
 Stab: Sleeping          |     5 |     7 ||    12
Armor: Robe              |    20 |    22 ||    42
       Skin              |       |    15 ||    15
Dodge: Dodged            |   112 |    76 ||   188
Block: Buckler           |    11 |    21 ||    32
